Workbook
Name BODEGA: #REF!
Name PercStaff: #REF!

Sheet PPTO POR REGIÓN
B2: PRESUPUESTO
B3: PROYECTADO
B6: Posición | C6: Planillas | D6: Estructura | E6: Total
B7: Mercaderista | C7: =+PLANILLA!E30 -> 3439.7366 | D7: =+#REF! -> #REF! | E7: =+SUM(C7:D7) -> #REF! | R7: =+E7/3.8 -> #REF!
B8: Supervisor | C8: =+PLANILLA!#REF! -> #REF! | D8: =+#REF! -> #REF! | E8: =+SUM(C8:D8) -> #REF! | R8: =+E8/3.8 -> #REF!
B9: Analista | C9: =+PLANILLA!#REF! -> #REF! | D9: =+#REF! -> #REF! | E9: =+SUM(C9:D9) -> #REF! | R9: =+E9/3.8 -> #REF!
B10: Coordinador | C10: =+PLANILLA!#REF! -> #REF! | D10: =+#REF! -> #REF! | E10: =+SUM(C10:D10) -> #REF! | R10: =+E10/3.8 -> #REF!
B12: REGIÓN | D12: HC Propuesto | F12: Costo Personal | J12: Costo Estructura | N12: Gastos Varios | R12: TOTAL
C13: CEDI | D13: Merc | E13: Sup | F13: Mercad | G13: Supervisor | H13: Analista | I13: Coordinador | J13: Mercad | K13: Supervisor | L13: Analista | M13: Coordinador | N13: Materiales | O13: Protección | P13: Envíos | Q13: Viáticos
B14: Lima 1 | C14: Jerico Sur | D14: 2 | E14: 1 | F14: =+D14*$C$7 -> 6879.4732 | G14: =+C8*1/3 -> #REF! | H14: =+$C$9*($D14/$D$25) -> #REF! | I14: =+$C$10*($D14/$D$25) -> #REF! | J14: =+D14*$D$7 -> #REF! | K14: =+D8*1/3 -> #REF! | L14: =+$D$9*($D14/$D$25) -> #REF! | M14: =+$D$10*($D14/$D$25) -> #REF! | N14: =+$N$25*(D14/$D$25) -> #REF! | O14: =+$O$25*($D14/$D$25) -> #REF! | R14: =+SUM(F14:Q14) -> #REF! | S14: =+R14/3.8 -> #REF!
C15: Salem Sur | D15: 4 | F15: =+D15*$C$7 -> 13758.946 | G15: =+G14 -> #REF! | H15: =+$C$9*($D15/$D$25) -> #REF! | I15: =+$C$10*($D15/$D$25) -> #REF! | J15: =+D15*$D$7 -> #REF! | K15: =+K14 -> #REF! | L15: =+$D$9*($D15/$D$25) -> #REF! | M15: =+$D$10*($D15/$D$25) -> #REF! | N15: =+$N$25*(D15/$D$25) -> #REF! | O15: =+$O$25*($D15/$D$25) -> #REF! | R15: =+SUM(F15:Q15) -> #REF! | S15: =+R15/3.8 -> #REF!
C16: Salem Centro | D16: 6 | F16: =+D16*$C$7 -> 20638.42 | G16: =+G14 -> #REF! | H16: =+$C$9*($D16/$D$25) -> #REF! | I16: =+$C$10*($D16/$D$25) -> #REF! | J16: =+D16*$D$7 -> #REF! | K16: =+K14 -> #REF! | L16: =+$D$9*($D16/$D$25) -> #REF! | M16: =+$D$10*($D16/$D$25) -> #REF! | N16: =+$N$25*(D16/$D$25) -> #REF! | O16: =+$O$25*($D16/$D$25) -> #REF! | R16: =+SUM(F16:Q16) -> #REF! | S16: =+R16/3.8 -> #REF!
B17: Sur | C17: Arequipa | D17: 9 | E17: 1 | F17: =+D17*$C$7 -> 30957.63 | G17: =+C8/2 -> #REF! | H17: =+$C$9*($D17/$D$25) -> #REF! | I17: =+$C$10*($D17/$D$25) -> #REF! | J17: =+D17*$D$7 -> #REF! | K17: =+D8/2 -> #REF! | L17: =+$D$9*($D17/$D$25) -> #REF! | M17: =+$D$10*($D17/$D$25) -> #REF! | N17: =+$N$25*(D17/$D$25) -> #REF! | O17: =+$O$25*($D17/$D$25) -> #REF! | P17: =48.5714285714286*1.08 -> 52.457143 | Q17: =274.357142857143*1.08 -> 296.30571 | R17: =+SUM(F17:Q17) -> #REF! | S17: =+R17/3.8 -> #REF!
C18: Arequipa M | D18: 2 | F18: =+D18*$C$7 -> 6879.4732 | G18: =+G17 -> #REF! | H18: =+$C$9*($D18/$D$25) -> #REF! | I18: =+$C$10*($D18/$D$25) -> #REF! | J18: =+D18*$D$7 -> #REF! | K18: =+K17 -> #REF! | L18: =+$D$9*($D18/$D$25) -> #REF! | M18: =+$D$10*($D18/$D$25) -> #REF! | N18: =+$N$25*(D18/$D$25) -> #REF! | O18: =+$O$25*($D18/$D$25) -> #REF! | P18: =48.5714285714286*1.08 -> 52.457143 | Q18: =+Q17 -> 296.30571 | R18: =+SUM(F18:Q18) -> #REF! | S18: =+R18/3.8 -> #REF!
C19: Cusco | D19: 9 | E19: 1 | F19: =+D19*$C$7 -> 30957.63 | G19: =+C8 -> #REF! | H19: =+$C$9*($D19/$D$25) -> #REF! | I19: =+$C$10*($D19/$D$25) -> #REF! | J19: =+D19*$D$7 -> #REF! | K19: =+D8 -> #REF! | L19: =+$D$9*($D19/$D$25) -> #REF! | M19: =+$D$10*($D19/$D$25) -> #REF! | N19: =+$N$25*(D19/$D$25) -> #REF! | O19: =+$O$25*($D19/$D$25) -> #REF! | P19: =97.1428571428571*1.08 -> 104.91429 | Q19: =+Q20 -> 592.61143 | R19: =+SUM(F19:Q19) -> #REF! | S19: =+R19/3.8 -> #REF!
C20: Puno - Juliaca | D20: 6 | E20: 1 | F20: =+D20*$C$7 -> 20638.42 | G20: =+C8 -> #REF! | H20: =+$C$9*($D20/$D$25) -> #REF! | I20: =+$C$10*($D20/$D$25) -> #REF! | J20: =+D20*$D$7 -> #REF! | K20: =+D8 -> #REF! | L20: =+$D$9*($D20/$D$25) -> #REF! | M20: =+$D$10*($D20/$D$25) -> #REF! | N20: =+$N$25*(D20/$D$25) -> #REF! | O20: =+$O$25*($D20/$D$25) -> #REF! | P20: =97.1428571428571*1.08 -> 104.91429 | Q20: =+Q21 -> 592.61143 | R20: =+SUM(F20:Q20) -> #REF! | S20: =+R20/3.8 -> #REF!
B21: Centro | C21: Junin | D21: 5 | E21: 1 | F21: =+D21*$C$7 -> 17198.683 | G21: =+C8/4 -> #REF! | H21: =+$C$9*($D21/$D$25) -> #REF! | I21: =+$C$10*($D21/$D$25) -> #REF! | J21: =+D21*$D$7 -> #REF! | K21: =+D8/4 -> #REF! | L21: =+$D$9*($D21/$D$25) -> #REF! | M21: =+$D$10*($D21/$D$25) -> #REF! | N21: =+$N$25*(D21/$D$25) -> #REF! | O21: =+$O$25*($D21/$D$25) -> #REF! | P21: =97.1428571428571*1.08 -> 104.91429 | Q21: =+Q22 -> 592.61143 | R21: =+SUM(F21:Q21) -> #REF! | S21: =+R21/3.8 -> #REF!
B22: Oriente | C22: Pucallpa | D22: 1 | F22: =+D22*$C$7 -> 3439.7366 | G22: =+G21 -> #REF! | H22: =+$C$9*($D22/$D$25) -> #REF! | I22: =+$C$10*($D22/$D$25) -> #REF! | J22: =+D22*$D$7 -> #REF! | K22: =+K21 -> #REF! | L22: =+$D$9*($D22/$D$25) -> #REF! | M22: =+$D$10*($D22/$D$25) -> #REF! | N22: =+$N$25*(D22/$D$25) -> #REF! | O22: =+$O$25*($D22/$D$25) -> #REF! | P22: =97.1428571428571*1.08 -> 104.91429 | Q22: =+Q23 -> 592.61143 | R22: =+SUM(F22:Q22) -> #REF! | S22: =+R22/3.8 -> #REF!
C23: Iquitos | D23: 3 | F23: =+D23*$C$7 -> 10319.21 | G23: =+G22 -> #REF! | H23: =+$C$9*($D23/$D$25) -> #REF! | I23: =+$C$10*($D23/$D$25) -> #REF! | J23: =+D23*$D$7 -> #REF! | K23: =+K22 -> #REF! | L23: =+$D$9*($D23/$D$25) -> #REF! | M23: =+$D$10*($D23/$D$25) -> #REF! | N23: =+$N$25*(D23/$D$25) -> #REF! | O23: =+$O$25*($D23/$D$25) -> #REF! | P23: =97.1428571428571*1.08 -> 104.91429 | Q23: =+Q24 -> 592.61143 | R23: =+SUM(F23:Q23) -> #REF! | S23: =+R23/3.8 -> #REF!
C24: Tarapoto | D24: 1 | F24: =+D24*$C$7 -> 3439.7366 | G24: =+G23 -> #REF! | H24: =+$C$9*($D24/$D$25) -> #REF! | I24: =+$C$10*($D24/$D$25) -> #REF! | J24: =+D24*$D$7 -> #REF! | K24: =+K23 -> #REF! | L24: =+$D$9*($D24/$D$25) -> #REF! | M24: =+$D$10*($D24/$D$25) -> #REF! | N24: =+$N$25*(D24/$D$25) -> #REF! | O24: =+$O$25*($D24/$D$25) -> #REF! | P24: =97.1428571428571*1.08 -> 104.91429 | Q24: =548.714285714286*1.08 -> 592.61143 | R24: =+SUM(F24:Q24) -> #REF! | S24: =+R24/3.8 -> #REF!
B25: TOTAL | D25: =+SUM(D14:D24) -> 48 | E25: =+SUM(E14:E24) -> 5 | F25: =+SUM(F14:F24) -> 165107.36 | G25: =+SUM(G14:G24) -> #REF! | H25: =+SUM(H14:H24) -> #REF! | I25: =+SUM(I14:I24) -> #REF! | J25: =+SUM(J14:J24) -> #REF! | K25: =+SUM(K14:K24) -> #REF! | ... M25: =+SUM(M14:M24) -> #REF! | N25: =+'GASTOS ASOCIADOS MENSUALES'!#REF!*1.08 -> #REF! | O25: =+'GASTOS ASOCIADOS MENSUALES'!#REF!*1.08 -> #REF! | P25: =+'GASTOS ASOCIADOS MENSUALES'!#REF!*1.08 -> #REF! | Q25: =+('GASTOS ASOCIADOS MENSUALES'!#REF!+'GASTOS ASOCIADOS MENSUALES'!#REF!)*1.08 -> #REF! | R25: =+SUM(R14:R24) -> #REF! | S25: =+R25/3.8 -> #REF!
Q28: 42251 | R28: =+Q28/11 -> 3841 | S28: =+R28/7 -> 548.71429
S29: =+S28/2 -> 274.35714

Sheet RESUMEN PPTO
A8: SERVICIO DE LIMPIEZA
A10: Detalle | B10: COSTO TOTAL DEL SERVICIO - MENSUAL | C10: COSTO TOTAL DEL SERVICIO - ANUAL
A11: LIMPIEZA DE OFICINAS ARCC | B11: =PLANILLA!E30+'GASTOS ASOCIADOS MENSUALES'!B21 -> 3549.5614 | C11: =B11*12 -> 42594.737
A12: LIMPIEZA DE OFICINAS OHLA | B12: =PLANILLA!F30+'GASTOS ASOCIADOS MENSUALES'!C21 -> 7099.1228 | C12: =B12*12 -> 85189.473
A13: Total General | B13: =SUM(B11:B12) -> 10648.684 | C13: =SUM(C11:C12) -> 127784.21
A20: * Montos sin IGV
A23: Beneficios People
A24: SALAS DE CAPACITACIÓN Y REUNIONES -VALOR AGREGADO
A25: Evaluación de Personal
A26: Asesoría legal Laboral en torno al servicio.
A27: Asesoría y Bienestar Social de manera permanente
A30: Condiciones de Pago:
A31: Pago de Facturas a los 15 días de emitida y entregada.

Sheet PLANILLA
B2: PRESUPUESTO PLANILLA
B3: PROYECTADO MENSUAL
E6: LIMPIEZA DE OFICINAS ARCC | F6: LIMPIEZA DE OFICINAS OHLA | G6: supervisor GRAL
B7: Número de posiciones | E7: 1 | F7: 2 | G7: 1
B8: Salario | E8: 1100 | F8: 1100 | G8: 1300
B9: Remuneración Variable (Asistencia Perfecta calificación trimestral)
B10: Asignación Familiar | E10: =102.5 -> 102.5 | F10: =102.5 -> 102.5 | G10: =102.5 -> 102.5
B11: Sub-Total remuneración | E11: =SUM(E8:E10) -> 1202.5 | F11: =SUM(F8:F10) -> 1202.5 | G11: =SUM(G8:G10) -> 1402.5
B12: Condicion de trabajo (movilidad) | G12: 300
B13: Total remuneración | E13: =+E12+E11 -> 1202.5 | F13: =+F12+F11 -> 1202.5 | G13: =+G12+G11 -> 1702.5
B15: Beneficios Sociales
B16: Essalud | D16: 0.09 | E16: =+E$11*$D16 -> 108.225 | F16: =+F$11*$D16 -> 108.225 | G16: =+G$11*$D16 -> 126.225
B17: CTS | D17: 0.0972 | E17: =+E$11*$D17 -> 116.883 | F17: =+F$11*$D17 -> 116.883 | G17: =+G$11*$D17 -> 136.323
B18: Vacaciones | D18: 0.0908 | E18: =+E$11*$D18 -> 109.187 | F18: =+F$11*$D18 -> 109.187 | G18: =+G$11*$D18 -> 127.347
B19: Gratificación | D19: 0.1817 | E19: =+E$11*$D19 -> 218.49425 | F19: =+F$11*$D19 -> 218.49425 | G19: =+G$11*$D19 -> 254.83425
B20: SCTR | D20: 0.0133 | E20: =+E$11*$D20 -> 15.99325 | F20: =+F$11*$D20 -> 15.99325 | G20: =+G$11*$D20 -> 18.65325
B21: Sci
B22: Vida Ley | D22: 0.0026 | E22: =+E$11*$D22 -> 3.1265 | F22: =+F$11*$D22 -> 3.1265 | G22: =+G$11*$D22 -> 3.6465
B23: Total cargas sociales | E23: =+SUM(E16:E22) -> 571.909 | F23: =+SUM(F16:F22) -> 571.909 | G23: =+SUM(G16:G22) -> 667.029
B24: Total Personal x provincia individual | E24: =+E23+E13 -> 1774.409 | F24: =+F23+F13 -> 1774.409 | G24: =+G23+G13 -> 2369.529
B25: Total Personal | E25: =E24*E7 -> 1774.409 | F25: =F24*F7 -> 3548.818 | G25: =G24*G7 -> 2369.529
B26: Personal Back up | E26: =(E25/3)*1 -> 591.46967 | F26: =(F25/3)*1 -> 1182.9393
B27: Supervisor | E27: =(G25/3)*1 -> 789.843 | F27: =(G25/3)*2 -> 1579.686
B28: Total personal + supervisor + back up | E28: =E25+E26+E27 -> 3155.7217 | F28: =F25+F26+F27 -> 6311.4433
B29: Fee | D29: 0.09 | E29: =E28*D29 -> 284.01495 | F29: =F28*D29 -> 568.0299
B30: TOTAL | E30: =E28+E29 -> 3439.7366 | F30: =+F28+F29 -> 6879.4732 | H30: =SUM(E30:G30) -> 10319.21

Sheet GASTOS ASOCIADOS MENSUALES
B2: GASTOS ASOCIADOS MENSUALES
B3: PROYECTADO
B7: GASTOS ASOCIADOS MENSUALES
B8: Detalle | C8: Asignacion Por Persona | D8: Cantidad | E8: PU | F8: Valor Venta | G8: TOTAL
B9: SST
B10: Exámen Médico Ocupacional PROVISIÓN cada año | C10: 1 | D10: =(PLANILLA!E7+PLANILLA!F7+PLANILLA!G7+1) -> 5 | E10: 130 | F10: =E10*D10 -> 650 | G10: =F10/12 -> 54.166667
B11: UNIFORMES PROVISIÓN SEMESTRAL
B12: pack de 2 Pantalon, 2 Polos,zapatos puntas de acero | C12: 1 | D12: 5 | E12: =(50*2)+(40*2)+(70*1) -> 250 | F12: =E12*D12 -> 1250 | G12: =F12/6 -> 208.33333
B13: CARTA FIANZA
B14: CARTA FIANZA | C14: 1 | D14: 1 | E14: =(PLANILLA!E13+PLANILLA!F13+PLANILLA!G13+PLANILLA!E23+PLANILLA!F23+PLANILLA!G23+PLANILLA!E26+PLANILLA!F26)*8% -> 615.42048 | G14: =E14/12 -> 51.28504
B15: Sub Total adicionales | G15: =SUM(G9:G14) -> 313.78504
D17: Fee | F17: 0.05 | G17: =G15*5% -> 15.689252
D18: Total | G18: =G15+G17 -> 329.47429
B20: LIMPIEZA DE OFICINAS ARCC | C20: LIMPIEZA DE OFICINAS OHLA
B21: =(G18/3)*1 -> 109.82476 | C21: =(G18/3)*2 -> 219.64953
